AoeStats
← 150490644@

Four Lakes

507038762Analyzed
1v1 RM · 17d ago on Sep 16, 2026· 20m 32s· 2 players
Game mode
Random Map
Map size
Tiny (2 player)
Population
200
Speed
Normal
Resources
Standard
Victory
Conquest
Starting age
Dark Age
Ending age
Imperial Age
RankedLock teamsTeams togetherTeam positionsShared explorationLock speedFull tech treeHidden civsTurbo modeCheats
Victory
Defeat
1047
+15
🇮🇹 Franks · Italy
1026
-15
150490644@
6:44 Loom
9:21 Feudal Age
9:58 Double-Bit Axe
13:07 Forging
20:48 Castle Age
Karl Mustachio Beerson
2:58 Loom
11:46 Feudal Age
12:11 Horse Collar
12:17 Double-Bit Axe
12:31 Fishing Lines
17:11 Forging
17:08 Scale Barding Armor
19:21 Bloodlines
Connection lost

Rejoining the realm…

Still unreachable

The connection could not be restored.

Session expired

The server has moved on; the page needs a fresh start.